 Dungeon Crawl Stone Soup version 0.25.0-11-g1f837a76a1 (webtiles) character file.

Game seed: 13612850289387843690

884 sanka the Nimble (level 8, -5/44 HPs)
             Began as a Tengu Assassin on June 25, 2020.
             Was an Initiate of Ru.
             Slain by Duvessa
             ... wielding a +0 short sword
              (7 damage)
             ... on level 5 of the Dungeon.
             The game lasted 00:09:44 (5600 turns).

sanka the Nimble (Tengu Assassin)                   Turns: 5600, Time: 00:09:44

Health: -5/44      AC:  4    Str: 13    XL:     8   Next: 5%
Magic:  9/9        EV: 23    Int: 11    God:    Ru [......]
Gold:   171        SH:  5    Dex: 17    Spells: 7/7 levels left

rFire    . . .     SeeInvis .   a - +2 dagger (speed)
rCold    . . .     Gourm    .   (no shield)
rNeg     . . .     Faith    .   b - +0 robe
rPois    .         Spirit   .   (helmet restricted)
rElec    .         Reflect  +   c - +0 cloak
rCorr    .         Harm     .   g - +0 pair of gloves
MR       .....                  (boots unavailable)
Stlth    +++.......             y - amulet of reflection
HPRegen  0.14/turn              (no ring)
MPRegen  0.11/turn              (no ring)

@: flying quickly and evasively, quick
A: beak, talons 3, able to fly
a: Stop Flying, Renounce Religion


You were on level 5 of the Dungeon.
You worshipped Ru.
Ru was noncommittal.
You were near starving.

You visited 1 branch of the dungeon, and saw 5 of its levels.

You collected 171 gold pieces.


Innate Abilities, Weirdness & Mutations

You have a beak for a mouth.
You have claws for feet.
You can fly continuously.


   Skills:
 - Level 2.0 Fighting
 - Level 3.0 Short Blades
 - Level 2.0 Throwing
 + Level 9.5 Dodging
 - Level 4.0 Stealth


You had 7 spell levels left.
You didn't know any spells.
Your spell library contained the following spells:

 Spells                   Type           Power        Failure   Level  Hunger
 Magic Dart               Conj           #...         34%         1    ##.....
 Blink                    Tloc           N/A          47%         2    ###....
 Call Imp                 Summ           #.......     47%         2    ###....
 Slow                     Hex            #.......     47%         2    ###....
 Conjure Flame            Conj/Fire      #.......     71%         3    ####...
 Mephitic Cloud           Conj/Pois/Air  #.......     71%         3    ####...

Inventory:

Hand Weapons
 a - a +2 dagger of speed (weapon)
 l - a +0 halberd
 t - a +2 vampiric short sword
Missiles
 e - a curare-tipped dart {=f}
 k - 228 stones
 q - 8 boomerangs (quivered)
Armour
 b - a +0 robe (worn)
 c - a +0 cloak (worn)
 g - a +0 pair of gloves (worn)
Jewellery
 y - an amulet of reflection (around neck)
Scrolls
 i - 7 scrolls of identify {unknown}
 m - 3 scrolls of remove curse {unknown}
 o - a scroll of fog {unknown}
 p - a scroll of enchant weapon {unknown}
 r - 2 scrolls of immolation {unknown}
 u - 2 scrolls of blinking {unknown}
 v - 2 scrolls of amnesia {unknown}
 w - a scroll of teleportation {unknown}
Potions
 h - a potion of degeneration {unknown}
 j - 2 potions of invisibility {unknown}
 n - a potion of haste {unknown}
 s - 2 potions of brilliance {unknown}
Comestibles
 f - 12 rations

Dungeon Overview and Level Annotations

Branches:
Dungeon (5/15)
 Temple: D:4-7

Altars:
Gozag
Qazlal
Ru
Yredelemnul

Annotations:
D:5 Dowan, Duvessa, Menkaure

▒........▒
▒........▒
▒........▒
▒........▒
▒........▒
▒▒▒.▒▒▒▒▒▒
▒▒▒▒▒▒.▒
▒.e.e..▒
▒Q▒▒▒▒▒▒
▒.▒ ▒.▒
▒.▒ ▒.▒
▒.▒ ▒.▒
▒.▒ ▒<▒


You could see Duvessa (fast) and Dowan.


Message History

Duvessa is moderately wounded.
Duvessa barely misses you.
You hit Duvessa. You claw Duvessa.
Duvessa is heavily wounded.
Duvessa hits you with a +0 short sword.
* * * LOW HITPOINT WARNING * * *
You hit Duvessa but do no damage. You peck Duvessa, but do no damage.
Duvessa is heavily wounded.
Duvessa misses you.
You completely miss Duvessa. Your kick misses Duvessa.
Duvessa is heavily wounded.
Duvessa completely misses you.
You hit Duvessa.
Duvessa is heavily wounded.
Duvessa hits you with a +0 short sword!
* * * LOW HITPOINT WARNING * * *
You barely miss Duvessa. You claw Duvessa, but do no damage. You peck Duvessa.
Duvessa is heavily wounded.
You hit Duvessa.
Duvessa is severely wounded.
Duvessa hits you with a +0 short sword.
* * * LOW HITPOINT WARNING * * *
Duvessa says, "My weaknesses are his strengths!"
Duvessa hits you with a +0 short sword!
You die...

Action                   |  1- 3 |  4- 6 |  7- 9 || total
-------------------------+-------+-------+-------++-------
Melee: Dagger            |    50 |   209 |    85 ||   344
       Peck              |     8 |    32 |    24 ||    64
       Kick              |    15 |    52 |    26 ||    93
Throw: Dart              |       |     6 |     9 ||    15
       Boomerang         |       |       |     5 ||     5
 Abil: Fly               |       |     1 |       ||     1
 Stab: Sleeping          |     8 |     5 |     2 ||    15
  Eat: Chunk             |     1 |     8 |       ||     9
       Ration            |       |     1 |       ||     1
Armor: Robe              |     1 |    13 |     1 ||    15
Dodge: Dodged            |    29 |   106 |    49 ||   184
Block: Other             |       |       |     1 ||     1

Levels and vault maps discovered:
D:1:      psy_arrival_radial02, layout_basic
D:2:      layout_loops_cross, yredelemnul_forgotten_temple_becter, first_ration,
          uniq_sigmund, uniq_robin
D:3:      layout_basic, st_stairs_7
D:4:      layout_basic, grunt_gozag_breadcrumbs
D:5:      layout_basic, lemuel_round_altar, nicolae_overflow_hidden_temple,
          nicolae_qazlal_style_of_elements, uniq_menkaure, uniq_duvessa,
          uniq_blork_the_orc, uniq_prince_ribbit1

Notes
Turn   | Place    | Note
-------+----------+-------------------------------------------
     0 | D:1      | sanka the Tengu Assassin began the quest for the Orb.
     0 | D:1      | Reached XP level 1. HP: 12/12 MP: 2/2
   145 | D:1      | Reached XP level 2. HP: 17/17 MP: 3/3
   232 | D:1      | Reached skill level 2 in Dodging
   473 | D:1      | Reached skill level 3 in Short Blades
   556 | D:1      | Reached XP level 3. HP: 21/21 MP: 4/4
   898 | D:1      | Reached skill level 3 in Dodging
  1331 | D:2      | Reached XP level 4. HP: 26/26 MP: 5/5
  1406 | D:2      | Found a basalt altar of Yredelemnul.
  1969 | D:2      | Reached skill level 4 in Dodging
  1969 | D:2      | Noticed Robin
  1983 | D:2      | Killed Robin
  2041 | D:2      | Noticed Sigmund
  2052 | D:2      | Killed Sigmund
  2052 | D:2      | Reached skill level 6 in Dodging
  2052 | D:2      | Gained mutation: You can fly continuously. [Tengu growth]
  2052 | D:2      | Reached XP level 5. HP: 21/30 MP: 6/6
  2052 | D:2      | Reached XP level 6. HP: 24/35 MP: 7/7
  3735 | D:4      | Reached skill level 7 in Dodging
  3914 | D:4      | Found an opulent altar of Gozag.
  4142 | D:5      | Entered Level 5 of the Dungeon
  4305 | D:5      | Found a stormy altar of Qazlal.
  4306 | D:5      | Noticed Duvessa
  4306 | D:5      | Noticed Dowan
  4307 | D:5      | Noticed a water elemental
  4307 | D:5      | Noticed a fire elemental
  4308 | D:5      | Noticed an air elemental
  4647 | D:5      | Reached XP level 7. HP: 38/40 MP: 8/8
  4717 | D:5      | Noticed Prince Ribbit
  4740 | D:5      | Killed Prince Ribbit
  4740 | D:5      | Reached skill level 8 in Dodging
  4773 | D:5      | Found a sacrificial altar of Ru.
  4786 | D:5      | Reached skill level 9 in Dodging
  4944 | D:5      | Became a worshipper of Ru the Awakened
  4996 | D:5      | Noticed Blork the orc
  5048 | D:5      | Noticed Menkaure
  5069 | D:5      | Killed Blork the orc
  5069 | D:5      | Reached XP level 8. HP: 9/44 MP: 9/9
  5599 | D:5      | HP: 2/44 [Duvessa/+0 short sword (4)]
  5600 | D:5      | Slain by Duvessa

Vanquished Creatures
  Prince Ribbit (D:5)
  Sigmund (D:2)
  Blork the orc (D:5)
  A scorpion (D:4)
  A jelly (D:5)
  4 orc wizards (D:5)
  A centaur skeleton (D:4)
  An iguana (D:5)
  3 worker ants
  Robin (D:2)
  A howler monkey skeleton (D:4)
  5 adders
  A gnoll (D:1)
  A shadow imp (D:5)
  An ooze (D:1)
  2 worms
  6 dart slugs
  A leopard gecko (D:3)
  4 orcs
  A ball python (D:5)
  3 bats (D:1)
  5 giant cockroaches
  11 goblins
  7 hobgoblins
  11 jackals
  8 kobolds
  2 quokkas (D:3)
  2 frilled lizards
  A jackal skeleton (D:4)
  12 rats
  A spectral orc (D:2)
101 creatures vanquished.
